 Dungeon Crawl Stone Soup version 0.30-a0-1016-gfb0d676c02 (webtiles) character file.

Game seed: 18220330700361344574

20 jtron the Stinger (level 2, 0/21 HPs)
             Began as a Demonspawn Wanderer on Apr 6, 2023.
             Slain by a worm (9 damage)
             ... on level 2 of the Dungeon.
             The game lasted 00:03:14 (1091 turns).

jtron the Stinger (Demonspawn Wanderer)             Turns: 1091, Time: 00:03:15

Health: 0/21       AC:  5    Str: 16    XL:     2   Next: 58%
Magic:  0/3        EV: 11    Int: 12    God:
Gold:   22         SH:  0    Dex:  9    Spells: 0/3 levels left

rFire   . . .      SeeInvis .    a - +0 dagger
rCold   . . .      Faith    .    (no shield)
rNeg    . . .      Spirit   .    h - +0 leather armour
rPois   .          Reflect  .    (no helmet)
rElec   .          Rampage  .    j - +1 cloak
rCorr   .                        (no gloves)
Will    .....                    (no boots)
Stlth   +                        (no amulet)
HPRegen 0.23/turn                (no ring)
MPRegen 0.08/turn                (no ring)

@: no status effects
A: powered by pain 1
a: no special abilities


You were on level 2 of the Dungeon.
You visited 1 branch of the dungeon, and saw 2 of its levels.

You collected 22 gold pieces.

Inventory:

Hand Weapons
 a - a +0 dagger (weapon)
 i - a +0 club
Missiles
 g - 9 stones
 k - 3 poisoned darts
Armour
 d - a +2 scale mail
 h - a +0 leather armour (worn)
 j - a +1 cloak (worn)
Scrolls
 c - a scroll of summoning
Potions
 b - a potion of attraction
 e - a potion of curing
 f - 3 potions of might {unknown}
 l - a potion of heal wounds {unknown}


   Skills:
 * Level 1.0 Fighting
 + Level 0.1 Short Blades
 - Level 0.5 Maces & Flails
 - Level 3.0 Armour
 + Level 0.5 Dodging
 * Level 1.0 Spellcasting
 + Level 3.1 Poison Magic
 + Level 2.2 Evocations


You couldn't memorise any spells.
You knew the following spells:

 Your Spells              Type           Power      Damage    Failure   Level
a - Sting                 Tmut/Pois      16%        1d3       19%         1
b - Wereblood             Tmut           0%         N/A       47%         2

Your spell library contained the following spells:

 Spells                   Type           Power      Damage    Failure   Level
 Sublimation of Blood     Necr           0%         N/A       47%         2
 Spider Form              Tmut/Pois      4%         N/A       50%         3
 Summon Hydra             Summ           0%         N/A       100%        7


Dungeon Overview and Level Annotations

Branches:
Dungeon (2/15)

Altars:

Shops:
D:1 [(([*


Innate Abilities, Weirdness & Mutations

You sometimes gain a little power by taking damage.


Message History

The worm closely misses you.
You hit the worm.
The worm is moderately wounded.
You hit the worm.
The worm is severely wounded.
The worm bites you.
You barely miss the worm.
The worm is heavily wounded.
The worm bites you but does no damage.
You hit the worm.
The worm is heavily wounded.
You hit the worm but do no damage.
The worm is severely wounded.
The worm bites you but does no damage.
You hit the worm.
The worm is severely wounded.
You hit the worm.
The worm is severely wounded.
The worm bites you.
Casting: Sting (safe; 19% risk of failure)
Confirm with . or Enter, or press ? or * to list all spells.
You don't have enough magic to cast this spell.
Unknown command.
The worm looks more healthy.
Casting: Sting (safe; 19% risk of failure)
Confirm with . or Enter, or press ? or * to list all spells.
Aiming: Sting (safe; 19% risk of failure)
Press: ? - help, Shift-Dir - straight line, f/p - worm
Aim: a worm (severely wounded, 88% to hit)
The sting hits the worm.
The worm is poisoned.
The worm is almost dead.
You barely miss the worm.
The worm is almost dead.
You barely miss the worm.
The worm is almost dead.
The worm bites you but does no damage.
You barely miss the worm.
The worm is almost dead.
The worm bites you!
You die...

### #<#
#.# #@#
#w# #.#
#.# #.#
#.# #.#
#.####.#..
#.........


You could see a worm (poisoned).

Vanquished Creatures
  An endoplasm (D:1)
  2 hobgoblins (D:1)
  A quokka (D:1)
  4 ball pythons (D:1)
  5 bats (D:1)
  2 goblins (D:1)
  3 kobolds (D:1)
  2 rats (D:1)
20 creatures vanquished.

Notes
Turn   | Place    | Note
-------+----------+-------------------------------------------
     0 | D:1      | jtron the Demonspawn Wanderer began the quest for the Orb.
     0 | D:1      | jtron set off with the following items: a +0 club, a potion
                  | of attraction, a scroll of summoning, a +2 scale mail; and
                  | the following spell memorised: Sting; and the following
                  | spells available to memorise: Spider Form.
     0 | D:1      | Reached XP level 1. HP: 15/15 MP: 2/2
   252 | D:1      | Found Xeniusch's General Store.
   426 | D:1      | Found Biqoicue's Armour Emporium.
   484 | D:1      | Gained mutation: You sometimes gain a little power by
                  | taking damage. [demonic ancestry]
   484 | D:1      | Reached XP level 2. HP: 21/21 MP: 3/3
   486 | D:1      | Found Hokhluin's Weapon Boutique.
   650 | D:1      | Found Vait's Armour Shoppe.
   720 | D:1      | Learned a level 2 spell: Wereblood
   796 | D:1      | Found Rumestro's Weapon Boutique.
   867 | D:1      | Found a faded altar of an unknown god.
  1091 | D:2      | Slain by a worm

Illustrated notes

Levels and vault maps discovered:
D:1:      minmay_arrival_three_doors, layout_basic, serial_shops,
          nicolae_shop_crystal, nicolae_shop_bloodbath_and_beyond, shop,
          nicolae_lakefront_shop, nicolae_shop_crystal, basic_ecumenical_altar
D:2:      layout_basic, uniq_crazy_yiuf_cottage

Skill      XL: |  1  2 |
---------------+-------+-----
Armour         | 3 |  3.0
Fighting       | |  1.0
Short Blades   | |  0.1
Maces & Flails | |  0.5
Dodging        | |  0.5
Spellcasting   | |  1.0
Poison Magic   | |  3.1
Evocations     | |  2.2

Action                     || total
---------------------------++-------
  Melee: Club              ||    30
         Dagger            ||   110
   Cast: Sting             ||    11
    Use: Potion            ||     1
 Armour: Scale mail        ||    25
         Leather armour    ||    68
  Dodge: Dodged            ||   102

Table legend: (Time is in decaauts)
 A = Elapsed time spent in this place.
 B = Non-inter-level travel time spent in this place.
 C = Inter-level travel time spent in this place.
 D = Time resting spent in this place.
 E = Time spent auto-exploring this place.
 F = Levels seen in this place.
 G = Mean time per level.
                   A        B        C        D        E       F      G
               +--------+--------+--------+--------+--------+-----+--------+
         Total |   1099 |   1088 |     11 |     31 |    718 |   2 |  549.5 |
       Dungeon |   1099 |   1088 |     11 |     31 |    718 |   2 |  549.5 |
               +--------+--------+--------+--------+--------+-----+--------+

Top non-repeatable levels by time:
     D:1: 1044 daAuts
     D:2: 54 daAuts
